 Seeded DCSS version 0.28.0-62-gf88900778d (webtiles) character file.

Game seed: 10024065785052796944 (custom seed)

51 cbfl8 the Skirmisher (level 3, 0/27 (33) HPs)
             Began as a Hill Orc Fighter on Apr 30, 2023.
             Slain by a quokka (3 damage)
             ... summoned by Eustachio
             ... on level 4 of the Dungeon.
             The game lasted 00:01:58 (1824 turns).

cbfl8 the Skirmisher (Hill Orc Fighter)             Turns: 1824, Time: 00:01:59

HP:   0/27 (33)     AC:  6    Str: 18    XL:     3   Next: 81%
MP:   4/4           EV:  9    Int:  8    God:
Gold: 87            SH:  4    Dex: 12    Spells: 2/2 levels left

rFire   + . .      SeeInvis .   a - +0 war axe
rCold   x . .      Faith    .   c - +0 buckler
rNeg    . . .      Spirit   .   b - +0 scale mail
rPois   .          Reflect  .   (no helmet)
rElec   .          Harm     .   (no cloak)
rCorr   .          Rampage  .   (no gloves)
Will    .....                   (no boots)
Stlth   ..........              (no amulet)
HPRegen 0.09/turn               g - ring of fire
MPRegen 0.09/turn               (no ring)

@: mighty, heavily drained
A: no striking features
a: no special abilities


You were on level 4 of the Dungeon.
You visited 1 branch of the dungeon, and saw 3 of its levels.

You collected 87 gold pieces.

Inventory:

Hand Weapons
 a - a +0 war axe (weapon)
Armour
 b - a +0 scale mail (worn)
 c - a +0 buckler (worn)
Jewellery
 g - a ring of fire (left hand)
Wands
 k - a wand of acid (14)
Scrolls
 e - a scroll of enchant armour {unknown}
 f - a scroll of teleportation {unknown}
 i - a scroll of silence {unknown}
 m - 2 scrolls of identify {unknown}
Potions
 d - a potion of might
 h - a potion of attraction {unknown}
 j - 3 potions of curing {unknown}
 l - a potion of degeneration {unknown}


   Skills:
 + Level 3.9 Fighting
 * Level 3.5 Axes
 + Level 3.6 Armour
 * Level 0.5 Dodging
 + Level 3.5 Shields
 * Level 1.5 Invocations
 * Level 0.6 Evocations


You had 2 spell levels left.
You didn't know any spells.
Your spell library was empty.

Dungeon Overview and Level Annotations

Branches:
Dungeon (2/15)

Altars:
Fedhas
Uskayaw

Shops:
D:1 [

Annotations:
D:4 Eustachio


Message History

Eustachio blinks!
There is an open door here.
You feel very mighty all of a sudden.
Eustachio hits you with a +3 rapier of draining.
You feel drained.
You hit Eustachio.
Eustachio is lightly wounded.
Eustachio barely misses you.
You slash Eustachio!
Eustachio is heavily wounded.
Eustachio hits you with a +3 rapier of draining.
You feel drained. Eustachio barely misses you.
You barely miss Eustachio.
Eustachio is heavily wounded.
Eustachio gestures wildly while chanting.
You closely miss Eustachio.
Eustachio is heavily wounded.
You closely miss the quokka. You closely miss the bat.
The bat hits you but does no damage.
Eustachio hits you with a +3 rapier of draining!
You feel drained. The quokka closely misses you.
Eustachio hits you with a +3 rapier of draining.
* * * LOW HITPOINT WARNING * * *
You feel drained.
* * * LOW HITPOINT WARNING * * *
You slash Eustachio!
Eustachio is severely wounded.
You slash the quokka!
You kill the quokka!
The quokka's corpse disappears in a puff of smoke!
You miss the bat. You block the bat's attack.
The quokka twitches its whiskers.
Eustachio casts a spell.
Eustachio blinks!
You barely miss the quokka. The bat hits you.
* * * LOW HITPOINT WARNING * * *
Eustachio says, "My allies will avenge me."
Eustachio gestures wildly while chanting.
The quokka bites you.
You die...

####.#.#....@...
##........#
##########...#.....#
#............#....###.#
#..#.##.##...#........#
#..#.##.########.######
#..#.##.# #.# #..#.##.#
##r## #..#.##.#
##ยง@.## #.......#
##.....## #.##.#..#
##....br.##
#.......####........@#
...........+......b..+
#.......####.........#
#.#.....# ##.......##
#.......# ##.....######
#.......#
##.........####


You could see Eustachio, a quokka (summoned), 2 bats and a rat (summoned).

Vanquished Creatures
  An adder (D:4)
  A worm (D:2)
  A dart slug (D:2)
  5 endoplasms (D:1)
  2 giant cockroaches (D:1)
  4 goblins
  A hobgoblin (D:1)
  3 quokkas
  2 ball pythons (D:1)
  3 bats (D:1)
  4 frilled lizards (D:1)
  6 kobolds
  2 rats (D:1)
35 creatures vanquished.

Notes
Turn   | Place    | Note
-------+----------+-------------------------------------------
     0 | D:1      | cbfl8 the Hill Orc Fighter began the quest for the Orb.
     0 | D:1      | Reached XP level 1. HP: 19/19 MP: 1/1
   231 | D:1      | Found Jegrobr Waosh's Armour Shoppe.
   264 | D:1      | Reached XP level 2. HP: 15/27 MP: 2/2
   848 | D:1      | Reached XP level 3. HP: 33/33 MP: 3/3
   852 | D:1      | Reached skill level 1 in Invocations
  1126 | D:2      | Found a blossoming altar of Fedhas.
  1382 | D:2      | You fall into a shaft and drop 2 floors!
  1618 | D:4      | Found a hide-covered altar of Uskayaw.
  1809 | D:4      | Noticed Eustachio
  1824 | D:4      | Slain by a quokka

Illustrated notes

Levels and vault maps discovered:
D:1:      psy_arrival_spokes, layout_basic, serial_shops, shop_fountains,
          minmay_vboxes
D:2:      layout_basic, basic_altar, minivault_27, minmay_pentomino_o4
D:4:      minmay_chambers_of_fours, layout_loops_corners,
          nicolae_uskayaw_dance_hall, mainiacjoe_overflow_tiny_flanked,
          mainiacjoe_overflow_paths, uniq_eustachio

Skill      XL: |  1  2  3 |
---------------+----------+-----
Axes           | 3 |  3.5
Invocations    | 1 |  1.5
Fighting       | |  3.9
Armour         | |  3.6
Dodging        | |  0.5
Shields        | |  3.5
Evocations     | |  0.6

Action                   || total
-------------------------++-------
Melee: War axe           ||   111
  Use: Potion            ||     1
Armor: Scale mail        ||    46
Dodge: Dodged            ||    46
Block: Buckler           ||    35
